[Event "Torneo Interdepartamental 2020"]
[Site "Punta del Este"]
[Date "2020.11.01"]
[Round "4.10"]
[White "Alzugaray, Ernesto"]
[Black "Aramburu, Gabriel"]
[Result "0-1"]
[ECO "A45"]
[WhiteElo "1620"]
[BlackElo "1813"]
[Annotator "NA RC"]
[PlyCount "43"]
[EventDate "2020.10.31"]
[EventType "team-tourn"]
[EventCountry "URU"]
[SourceTitle "playchess.com"]
[Source "ChessBase"]
[SourceQuality "1"]
[TimeControl "3600+30"]

1. d4 Nf6 2. Bf4 d6 3. h3 Nbd7 4. Nf3 g6 5. e3 Bg7 6. Be2 O-O 7. O-O c6 8. c4 Re8 9. Nc3 e5 10. Bh2 Qe7 11. Re1 {[%emt 0:03:30] [#] E61: King's Indian: Early deviations for White, including Smyslov System.} b6 $146 ({Predecessor:} 11... Nh5 12. Qc2 f5 13. Rad1 h6 14. d5 c5 15. Nd2 Nhf6 16. Bd3 e4 17. Bf1 a6 18. a4 Ne5 {0-1 (67) Stajkovski,S (1428)-Carvallo,H (2069) Europe Chess INT 2020}) 12. a4 a5 13. d5 cxd5 14. Nxd5 Nxd5 15. Qxd5 ({Better is} 15. cxd5 $15 Nc5 16. Bg3) 15... Ra7 16. Qd1 Nc5 17. Qc2 Bf5 18. Qc3 Be4 19. Nd2 Bc6 20. Qc2 Qd7 21. e4 (21. b3 $15) 21... Bxa4 22. Ra2 $19 (22. b3 $17 Bc6 23. Ra2) 0-1

[Event "Torneo Interdepartamental 2020"]
[Site "Punta del Este"]
[Date "2020.11.01"]
[Round "4.11"]
[White "Barla, Rafael"]
[Black "Agrasot, Antonio"]
[Result "1-0"]
[ECO "D02"]
[WhiteElo "1836"]
[BlackElo "1560"]
[Annotator "NA RC"]
[PlyCount "135"]
[EventDate "2020.10.31"]
[EventType "team-tourn"]
[EventCountry "URU"]
[TimeControl "3600+30"]

1. d4 d5 2. Nf3 e6 3. Bf4 Be7 4. e3 Nf6 5. Bd3 c5 6. c3 Qb6 7. b3 Nbd7 8. Nbd2 h6 9. h3 Bd6 10. Ne5 Qc7 11. Ndf3 Ne4 12. Rc1 O-O 13. Qc2 Nxe5 14. dxe5 Be7 15. Bxe4 dxe4 16. Qxe4 Rb8 17. O-O b6 18. Qc2 Bb7 19. Nd2 Qc6 20. f3 b5 21. Rfd1 Rbd8 22. Ne4 f5 23. Nd6 Bxd6 24. Rxd6 Rxd6 25. exd6 Qd7 26. Rd1 Rf7 27. Be5 Qe8 28. c4 b4 29. Qf2 Qc6 30. Qh4 Qd7 31. Kf2 Bc6 32. Qf4 Qd8 33. Bb2 Bd7 34. h4 a5 35. h5 Qg5 36. Qxg5 hxg5 37. a3 Bc6 38. axb4 axb4 39. Ra1 Rb7 40. Ra5 Bd7 41. Rxc5 Ra7 42. Be5 Kh7 43. Rc7 Rxc7 44. dxc7 Bc8 45. Bd6 Kh6 46. g4 g6 47. hxg6 Kxg6 48. Bxb4 Kf7 49. c5 fxg4 50. fxg4 e5 51. Kg3 e4 52. c6 Ke6 53. Bc5 Kd5 54. Be7 Kxc6 55. Bxg5 Kxc7 56. Bf4+ Kd7 57. g5 Ke6 58. Kh4 Kf7 59. Kh5 Kg8 60. Kg6 Be6 61. b4 Bc4 62. Be5 Bb5 63. Kf6 Bc4 64. g6 Bd5 65. b5 Bb7 66. g7 Bd5 67. b6 Bb7 68. Ke7 1-0

[Event "Torneo Interdepartamental 2020"]
[Site "Punta del Este"]
[Date "2020.11.01"]
[Round "4.12"]
[White "Garcia Meoni, Fernando"]
[Black "Ojeda, Cristhian"]
[Result "0-1"]
[ECO "C50"]
[WhiteElo "1395"]
[BlackElo "1602"]
[Annotator "NA RC"]
[PlyCount "43"]
[EventDate "2020.10.31"]
[EventType "team-tourn"]
[EventCountry "URU"]
[SourceTitle "playchess.com"]
[Source "ChessBase"]
[SourceQuality "1"]
[TimeControl "3600+30"]

1. e4 e5 2. Nf3 Nc6 3. Bc4 Be7 4. Ng5 Bxg5 5. Nc3 Nf6 6. Qf3 O-O 7. O-O d6 8. Qd1 Ne7 9. Re1 c6 10. b3 d5 11. exd5 Nfxd5 12. Bb2 Bg4 13. f3 Bh5 14. Rxe5 Bf4 15. Re1 Qb6+ 16. Kh1 Qf2 17. Re2 Qh4 18. Qg1 Nxc3 19. Bxc3 Rae8 20. Rae1 Bxh2 21. Qxh2 Qxe1+ 22. Rxe1 0-1

[Event "Torneo Interdepartamental 2020"]
[Site "Punta del Este"]
[Date "2020.11.02"]
[Round "5.2"]
[White "Bustelo, Tabare"]
[Black "Froz, Daniel"]
[Result "1-0"]
[ECO "D00"]
[WhiteElo "2053"]
[BlackElo "1670"]
[Annotator "ChessBase"]
[PlyCount "59"]
[EventDate "2020.10.31"]
[EventType "team-tourn"]
[EventCountry "URU"]
[SourceTitle "playchess.com"]
[Source "ChessBase"]
[SourceQuality "1"]
[TimeControl "3600+30"]

1. d4 d5 2. Nc3 c6 3. Nf3 Bf5 4. Nh4 Bg6 5. Nxg6 hxg6 6. e4 e6 7. exd5 exd5 8. Bf4 Nf6 9. Qf3 Bb4 10. O-O-O O-O 11. Ne2 Nbd7 12. Ng3 Re8 13. Bd3 Nf8 14. h4 Ne6 15. Be3 c5 16. dxc5 Bxc5 17. Bxc5 Nxc5 18. h5 Nxd3+ 19. Rxd3 Qa5 20. Kb1 Ne4 21. Rhd1 Rad8 22. a3 Nxg3 23. hxg6 fxg6 24. Qxg3 Re1 25. Qxg6 Rxd1+ 26. Rxd1 Qc5 27. Qe6+ Kf8 28. Rd3 Qe7 29. Rf3+ Ke8 30. Qg6+ 1-0

[Event "Torneo Interdepartamental 2020"]
[Site "Punta del Este"]
[Date "2020.11.02"]
[Round "5.3"]
[White "Chinelli, Gabriel"]
[Black "Carbone, Diego"]
[Result "0-1"]
[ECO "A45"]
[WhiteElo "1697"]
[BlackElo "2219"]
[Annotator "ChessBase"]
[PlyCount "108"]
[EventDate "2020.10.31"]
[EventType "team-tourn"]
[EventCountry "URU"]
[SourceTitle "playchess.com"]
[Source "ChessBase"]
[SourceQuality "1"]
[TimeControl "3600+30"]

1. d4 Nf6 2. Bg5 Ne4 3. Bh4 d5 4. Nd2 g5 5. Nxe4 gxh4 6. Nc5 e5 7. e3 Bd6 8. Qh5 Qe7 9. O-O-O Bxc5 10. dxc5 c6 11. Nf3 Nd7 12. e4 Nf6 13. Qxe5 Qxe5 14. Nxe5 Nxe4 15. Nd3 b6 16. cxb6 axb6 17. Re1 O-O 18. f3 Nd6 19. a3 c5 20. Nf4 Bb7 21. Re7 Rfe8 22. Rd7 Rad8 23. Rxd8 Rxd8 24. c3 Nf5 25. Bd3 Ne3 26. Kd2 d4 27. Re1 h6 28. cxd4 cxd4 29. Re2 Kf8 30. Be4 Bxe4 31. fxe4 Nf1+ 32. Kd3 Nxh2 33. Nd5 Ng4 34. Nxb6 Ne5+ 35. Kd2 d3 36. Rf2 Rb8 37. Na4 Rb3 38. Kc1 Nc4 39. Nc5 d2+ 40. Rxd2 Nxd2 41. Nxb3 Nxb3+ 42. Kc2 Nc5 43. b4 Nxe4 44. Kd3 Nf6 45. Kd4 Ke7 46. Ke5 Ng4+ 47. Kf4 Nf2 48. Kf3 h3 49. gxh3 Nxh3 50. Kg4 Nf2+ 51. Kf5 Kd7 52. a4 Nd3 53. b5 Nb2 54. a5 Nc4 0-1

[Event "Torneo Interdepartamental 2020"]
[Site "Punta del Este"]
[Date "2020.11.02"]
[Round "5.7"]
[White "Bentancurt, Juan"]
[Black "Genta, Alejandro"]
[Result "0-1"]
[ECO "B20"]
[WhiteElo "1720"]
[BlackElo "2003"]
[Annotator "ChessBase"]
[PlyCount "76"]
[EventDate "2020.10.31"]
[EventType "team-tourn"]
[EventCountry "URU"]
[SourceTitle "playchess.com"]
[Source "ChessBase"]
[SourceQuality "1"]
[TimeControl "3600+30"]

1. e4 c5 2. b4 cxb4 3. Bb2 e6 4. Nf3 Nf6 5. d3 Nc6 6. Nbd2 d5 7. e5 Nd7 8. d4 Be7 9. Bd3 Nb6 10. O-O O-O 11. Rc1 Bd7 12. c4 bxc3 13. Bxc3 Rc8 14. Nb3 Na4 15. Bd2 g6 16. Bb1 Nb2 17. Qe2 Nc4 18. Bh6 Re8 19. g3 Nb4 20. h4 Bb5 21. Ng5 Bf8 22. Qf3 Qe7 23. Bxf8 Rxf8 24. Kg2 Na3 25. Rh1 Rxc1 26. Rxc1 h6 27. Nh3 Nxb1 28. Rxb1 Bd3 29. Re1 Nc2 30. Kh2 Nxe1 31. Qe3 Bf5 32. Qxe1 Bxh3 33. Kxh3 Rc8 34. Qe3 Kg7 35. Nc5 b6 36. Nd3 Qa3 37. Qd2 Qc3 38. Qe3 Rc4 0-1

[Event "Torneo Interdepartamental 2020"]
[Site "Punta del Este"]
[Date "2020.11.02"]
[Round "5.8"]
[White "Pinero, Ismael"]
[Black "Aramburu, Gabriel"]
[Result "1/2-1/2"]
[ECO "C70"]
[WhiteElo "1882"]
[BlackElo "1813"]
[Annotator "NA"]
[PlyCount "80"]
[EventDate "2020.10.31"]
[EventType "team-tourn"]
[EventCountry "URU"]
[SourceTitle "playchess.com"]
[Source "ChessBase"]
[SourceQuality "1"]
[TimeControl "3600+30"]

1. e4 e5 2. Nf3 Nc6 3. Bb5 a6 4. Ba4 b5 5. Bb3 Bc5 6. c3 d6 7. a4 Rb8 8. Bd5 Nce7 9. d4 exd4 10. Nxd4 Nf6 11. b4 Bxd4 12. Qxd4 Nexd5 13. exd5 O-O 14. O-O h6 15. Rd1 Re8 16. axb5 axb5 17. Ra5 Re5 18. Qh4 Qe8 19. f3 Nxd5 20. f4 Re2 21. Kf1 Qe4 22. Qg3 Ne3+ 23. Bxe3 Rxe3 24. Qf2 Bb7 25. Ra2 Re8 26. Rad2 Re6 27. Rd4 Qf5 28. R4d2 R3e4 29. g3 h5 30. Na3 h4 31. Nc2 hxg3 32. hxg3 Rh6 33. Ne3 Rxe3 34. Qxe3 Rh1+ 35. Kf2 Qh3 36. Rxh1 Qxh1 37. Re2 Qg2+ 38. Ke1 Qh1+ 39. Kd2 Qd5+ 40. Qd3 Qh1 1/2-1/2

[Event "Torneo Interdepartamental 2020"]
[Site "Punta del Este"]
[Date "2020.11.02"]
[Round "5.9"]
[White "Barla, Rafael"]
[Black "Barboza, Mauro"]
[Result "1-0"]
[ECO "D02"]
[WhiteElo "1836"]
[BlackElo "1874"]
[Annotator "NA"]
[PlyCount "75"]
[EventDate "2020.10.31"]
[EventType "team-tourn"]
[EventCountry "URU"]
[SourceTitle "playchess.com"]
[Source "ChessBase"]
[SourceQuality "1"]
[TimeControl "3600+30"]

1. d4 Nf6 2. Nf3 d5 3. Bf4 c6 4. e3 e6 5. Bd3 Nbd7 6. Nbd2 a6 7. h3 b5 8. O-O Be7 9. c3 Bb7 10. b4 O-O 11. a3 Re8 12. Qc2 Nf8 13. Ne5 Ng6 14. Bh2 Nd7 15. f4 f5 16. g4 Ngxe5 17. fxe5 g6 18. gxf5 exf5 19. Nf3 Nf8 20. Qg2 Bc8 21. Bf4 Ne6 22. Bh6 Ng7 23. Bxg7 Kxg7 24. Kf2 Bd7 25. Rg1 a5 26. Qg3 Be6 27. Qf4 axb4 28. cxb4 Bf7 29. h4 Kh8 30. h5 Rg8 31. hxg6 Bxg6 32. Bxf5 Bxf5 33. Qxf5 Rxg1 34. Rxg1 Rxa3 35. Ng5 Bxg5 36. Rxg5 Ra7 37. e6 Qe7 38. Qe5+ 1-0

[Event "Torneo Interdepartamental 2020"]
[Site "Punta del Este"]
[Date "2020.11.02"]
[Round "5.10"]
[White "Coppola, Claudio"]
[Black "De los Reyes, Mauro"]
[Result "1-0"]
[ECO "D10"]
[WhiteElo "2278"]
[BlackElo "1763"]
[Annotator "ChessBase"]
[PlyCount "62"]
[EventDate "2020.10.31"]
[EventType "team-tourn"]
[EventCountry "URU"]
[SourceTitle "playchess.com"]
[Source "ChessBase"]
[SourceQuality "1"]
[TimeControl "3600+30"]

1. d4 d5 2. c4 c6 3. cxd5 cxd5 4. Nc3 Nf6 5. f3 Nc6 6. e4 dxe4 7. d5 Ne5 8. fxe4 a6 9. Bf4 Ng6 10. Bg3 e5 11. dxe6 Qxd1+ 12. Rxd1 Bxe6 13. Nf3 Bb4 14. Bd3 Bxc3+ 15. bxc3 Rc8 16. Bd6 Bxa2 17. Kd2 Rd8 18. e5 Ng4 19. Rhf1 Bd5 20. Rde1 Kd7 21. c4 Be6 22. Rb1 Kc8 23. c5 Bd5 24. Bf5+ Be6 25. Be4 b5 26. cxb6 Rxd6+ 27. exd6 Rd8 28. b7+ Kb8 29. Rb6 Bc4 30. Rc1 Bb5 31. Bf5 Ka7 1-0

[Event "Torneo Interdepartamental 2020"]
[Site "Punta del Este"]
[Date "2020.11.02"]
[Round "5.11"]
[White "Gatti, Santiago"]
[Black "Chamlian, Aram"]
[Result "0-1"]
[ECO "D02"]
[WhiteElo "1691"]
[BlackElo "1710"]
[Annotator "NA"]
[PlyCount "58"]
[EventDate "2020.10.31"]
[EventType "team-tourn"]
[EventCountry "URU"]
[SourceTitle "playchess.com"]
[Source "ChessBase"]
[SourceQuality "1"]
[TimeControl "3600+30"]

1. d4 d5 2. Nf3 Nf6 3. Bf4 e6 4. e3 Bd6 5. Bg3 O-O 6. Bd3 Nbd7 7. Nbd2 Re8 8. Ne5 Nf8 9. O-O N6d7 10. f4 f6 11. Nxd7 Bxd7 12. Nf3 c5 13. c3 c4 14. Bc2 b5 15. e4 f5 16. exf5 exf5 17. Ne5 Bxe5 18. fxe5 g6 19. Qf3 Bc6 20. Bxf5 gxf5 21. Qxf5 Qe7 22. Rf4 Ng6 23. Rg4 Bd7 24. e6 Bxe6 25. Rxg6+ hxg6 26. Qxg6+ Qg7 27. Qh5 Bf7 28. Qh4 Re4 29. Qh3 Qg5 0-1

[Event "Torneo Interdepartamental 2020"]
[Site "Punta del Este"]
[Date "2020.11.02"]
[Round "5.12"]
[White "Zecharies, Alexis"]
[Black "Delbono, Ruben"]
[Result "1-0"]
[ECO "D00"]
[WhiteElo "1823"]
[BlackElo "1573"]
[Annotator "NA"]
[PlyCount "43"]
[EventDate "2020.10.31"]
[EventType "team-tourn"]
[EventCountry "URU"]
[SourceTitle "playchess.com"]
[Source "ChessBase"]
[SourceQuality "1"]
[TimeControl "3600+30"]

1. d4 d5 2. Bf4 Nf6 3. Nc3 g6 4. e3 Bg7 5. h4 Nc6 6. Nb5 O-O 7. Nxc7 Nh5 8. Bh2 e5 9. Nxa8 Qa5+ 10. Qd2 Qxd2+ 11. Kxd2 Bd7 12. Nc7 exd4 13. Nxd5 dxe3+ 14. Nxe3 Be6 15. Nf3 Rd8+ 16. Bd3 Nf6 17. Ke2 Nd5 18. Nxd5 Bxd5 19. Rhe1 Bxb2 20. Rab1 Bc3 21. Red1 Re8+ 22. Kf1 1-0